 Dungeon Crawl Stone Soup version 0.32-a0-17-gb74e046682 (webtiles) character file.

Game seed: 9563501618575554667

101 mopl the Grave Robber (level 4, 0/33 HPs)
             Began as a Vine Stalker Necromancer on Jan 15, 2024.
             Slain by a gnoll
             ... wielding a +0 spear of venom
              (3 damage)
             ... on level 3 of the Dungeon.
             The game lasted 00:03:11 (1924 turns).

mopl the Grave Robber (Vine Stalker Necromancer)    Turns: 1924, Time: 00:03:12

Health: 0/33       AC:  4    Str: 10    XL:     4   Next: 75%
Magic:  0/9        EV: 12    Int: 17    God:
Gold:   18         SH:  0    Dex: 15    Spells: 5/9 levels left

rFire   . . .        a - staff of death
rCold   . . .        (no shield)
rNeg    + . .        c - +0 robe
rPois   .            i - +0 helmet
rElec   .            (no cloak)
rCorr   .            e - +0 pair of gloves
SInv    .            (no boots)
Will    .....        (no amulet) Stlth
                     (no ring)
HPRegen 1.05/turn    (no ring)
MPRegen 0.11/turn

%: guardian spirit
@: berserking, lethally poisoned (0 -> -6), very quick
A: fangs 2, regeneration 1, magic shield, antimagic bite, no potion heal 2
a: no special abilities


You were on level 3 of the Dungeon.
You visited 1 branch of the dungeon, and saw 3 of its levels.

You collected 107 gold pieces.
You spent 89 gold pieces at shops.

Inventory:

Hand Weapons
 j - a +0 dagger
Missiles
 l - 6 javelins
 p - 5 poisoned darts
Armour
 c - a +0 robe (worn)
 e - a +0 pair of gloves (worn)
 i - a +0 helmet (worn)
Magical Staves
 a - a staff of death (weapon)
Wands
 v - a wand of roots (4)
Scrolls
 g - 3 scrolls of identify {unknown}
 k - a scroll of amnesia {unknown}
 m - a scroll of blinking {unknown}
 o - a scroll of enchant armour {unknown}
 q - a scroll of teleportation {unknown}
 t - a scroll of fear {unknown}
 w - a scroll of immolation {unknown}
Potions
 b - a potion of magic
 d - a potion of resistance {unknown}
 f - a potion of haste {unknown}
 h - a potion of berserk rage {!q}
 n - a potion of might {unknown}
 r - a potion of attraction {unknown}
 s - a potion of mutation {unknown}
 u - 2 potions of heal wounds {unknown}


   Skills:
 + Level 1.0 Fighting
 + Level 0.9 Staves
 - Level 1.5 Dodging
 - Level 2.7 Stealth
 * Level 3.3 Spellcasting
 * Level 4.7 Necromancy
 + Level 0.7 Evocations


You had 5 spell levels left.
You knew the following spells:

 Your Spells              Type           Power      Damage    Failure   Level
a - Necrotise             Necr           100%       1d9       2%          1
b - Vampiric Draining     Necr           28%        2d8       8%          3

Your spell library contained the following spells:

 Spells                   Type           Power      Damage    Failure   Level
 Animate Dead             Necr           28%        N/A       24%         4
 Hailstorm                Conj/Ice       2%         3d5       45%         3
 Summon Ice Beast         Ice/Summ       2%         N/A       45%         3
 Curse of Agony           Necr           28%        N/A       56%         5
 Sculpt Simulacrum        Ice/Alch       1%         N/A       100%        6


Dungeon Overview and Level Annotations

Branches:
Dungeon (3/15)

Altars:
The Shining One

Shops:
D:2 *

Annotations:
D:2 1 runed translucent door, Crazy Yiuf


Innate Abilities, Weirdness & Mutations

You have extremely sharp teeth.
Your natural rate of healing is unusually fast.
When hurt, damage is shared between your health and your magic reserves.
Your bite disrupts and absorbs the magic of your enemies.
Potions cannot restore your health.


Message History

You feel a surge of power!
The gnoll writhes in agony.
The gnoll hits you from afar with a +0 halberd.
Unknown command.
Aiming: Fastroot
Press: ? - help, Shift-Dir - straight line, f/p - gnoll
Aim: a gnoll, wielding a +0 halberd (almost dead)
The roots erupt in riotous growth!
Roots grab the gnoll. x3
The grasping roots constrict the gnoll.
You kill the gnoll!
The grasping roots constrict the gnoll. x2
The gnoll struggles to escape constriction. x2
Unknown command.
Unknown command.
The grasping roots constrict the gnoll. x2
The roots release their grip on the gnoll. x2
Casting: Necrotise (safe; 2% risk of failure)
Confirm with . or Enter, or press ? or * to list all spells.
Aiming: Necrotise (safe; 2% risk of failure)
Press: ? - help, Shift-Dir - straight line, f - gnoll
Aim: a gnoll, wielding a +0 spear of venom (severely wounded, chance to affect: 88%)
You feel a surge of power!
The gnoll barely resists.
The gnoll barely misses you.
Unknown command.
Unknown command.
The gnoll hits you with a +0 spear of venom!
You are poisoned.
You hit the gnoll but do no damage.
The gnoll is severely wounded.
You feel very sick.
The gnoll hits you with a +0 spear of venom.
* * * LOW HITPOINT WARNING * * *
You are lethally poisoned!
It was a potion of berserk rage.
A red film seems to cover your vision as you go berserk!
You feel yourself moving faster!
You feel mighty!
* * * LOW HITPOINT WARNING * * *
You feel very sick.
The gnoll hits you with a +0 spear of venom.
You die...

#.##.#.##.##..#######.#
#.##.#.##.##.Z# #.).#
#.##.####.##..#####.#.###
#.#####.................#
#.#.............)...#.#)###
#...#.................#.#.#
..# #.###.########..#.#.#.#
#. #.#.# #..#..Z..# # #.#@#
#..#.###.# ..#g# # #..#.#
#.# ###g# #.##..#.# #.# #.#
#.......# #.# #.#####)#
#.##..#.###.## #.......#
.##.........# #<#####.#
.##...#######
#.###.##.....#
#.....###..#.#


You could see 2 gnolls.

Vanquished Creatures
  A gnoll (D:3)
  4 adders
  A ribbon worm (D:2)
  An orc (D:3)
  2 bats (D:2)
  5 endoplasms (D:1)
  A giant cockroach (D:2)
  3 hobgoblins
  3 jackals (D:2)
  2 kobolds
  A quokka (D:2)
  8 ball pythons
  2 frilled lizards
  7 goblins
  7 rats
48 creatures vanquished.

Vanquished Creatures (collateral kills)
  A giant cockroach (D:2)
  A ball python (D:1)
2 creatures vanquished.

Grand Total: 50 creatures vanquished

Notes
Turn   | Place    | Note
-------+----------+-------------------------------------------
     0 | D:1      | mopl the Vine Stalker Necromancer began the quest for the
                  | Orb.
     0 | D:1      | Reached XP level 1. HP: 9/9 MP: 4/4
   203 | D:1      | Reached XP level 2. HP: 13/13 MP: 3/6
   620 | D:1      | Reached XP level 3. HP: 16/16 MP: 5/8
   624 | D:1      | Learned a level 3 spell: Vampiric Draining
   891 | D:2      | Reached skill level 3 in Spellcasting
  1015 | D:2      | Found a runed translucent door.
  1016 | D:2      | Noticed Crazy Yiuf
  1245 | D:2      | Reached XP level 4. HP: 21/21 MP: 2/9
  1259 | D:2      | Found a faded altar of an unknown god.
  1439 | D:2      | Found a glowing golden altar of the Shining One.
  1492 | D:2      | Found Xoyn's Assorted Antiques.
  1497 | D:2      | Bought a scroll labelled IMPELI RIUQ for 32 gold pieces
  1497 | D:2      | Bought 2 orange potions for 57 gold pieces
  1857 | D:3      | Reached skill level 1 in Fighting
  1924 | D:3      | Slain by a gnoll

Illustrated notes

Levels and vault maps discovered:
D:1:      onia_arrival_mini_maze, layout_basic
D:2:      layout_loops_corners, basic_altar, serial_shops, shop,
          hellmonk_ecumenical_altar_dog_temple, minmay_ruptured,
          uniq_crazy_yiuf_cottage
D:3:      layout_basic, lemuel_doored_altar, mainiacjoe_overflow_cross_hatched

Skill      XL: |  1  2  3  4 |
---------------+-------------+-----
Spellcasting   | 3 |  3.3
Fighting       | 1 |  1.0
Staves         | |  0.9
Dodging        | |  1.5
Stealth        | |  2.7
Necromancy     | |  4.7
Evocations     | |  0.7

Action                     |  1- 3 |  4- 6 || total
---------------------------+-------+-------++-------
  Melee: Dagger            |    21 |       ||    21
         Bite              |    10 |     1 ||    11
         Staff             |    22 |     8 ||    30
   Cast: Necrotise         |    39 |    28 ||    67
  Evoke: Wand              |       |     1 ||     1
    Use: Potion            |       |     1 ||     1
   Stab: Sleeping          |     3 |     1 ||     4
 Armour: Robe              |    27 |    18 ||    45
  Dodge: Dodged            |    45 |    10 ||    55

Table legend: (Time is in decaauts)
 A = Elapsed time spent in this place.
 B = Non-inter-level travel time spent in this place.
 C = Inter-level travel time spent in this place.
 D = Time resting spent in this place.
 E = Time spent auto-exploring this place.
 F = Levels seen in this place.
 G = Mean time per level.
                   A        B        C        D        E       F      G
               +--------+--------+--------+--------+--------+-----+--------+
         Total |   1927 |   1838 |     89 |      0 |   1454 |   3 |  642.3 |
       Dungeon |   1927 |   1838 |     89 |      0 |   1454 |   3 |  642.3 |
               +--------+--------+--------+--------+--------+-----+--------+

Top non-repeatable levels by time:
     D:2: 1063 daAuts
     D:1: 725 daAuts
     D:3: 139 daAuts
